 Dungeon Crawl Stone Soup version 0.21-a0-352-g5b8f553 (webtiles) character file.

9 tidbits the Skirmisher (level 2, 14/29 HPs)
             Began as a Gnoll Wanderer on Oct 10, 2017.
             Quit the game on level 3 of the Dungeon.
             The game lasted 00:01:03 (115 turns).

tidbits the Skirmisher (Gnoll Wanderer)              Turns: 115, Time: 00:01:05

Health: 14/29      AC:  2    Str: 15    XL:     2   Next: 16%
Magic:  3/3        EV: 11    Int: 12    God:
Gold:   8          SH:  0    Dex: 15    Spells: 1/1 levels left

rFire    . . .     SeeInvis .     - Unarmed
rCold    . . .     Gourm    +   (no shield)
rNeg     . . .     Faith    .   d - +0 robe
rPois    .         Spirit   .   (no helmet)
rElec    .         Reflect  .   (no cloak)
rCorr    .         Harm     .   (no gloves)
MR       .....                  (no boots)
Stlth    +++.......             h - amulet of the gourmand
HPRegen  0.09/turn              (no ring)
MPRegen  0.08/turn              (no ring)

@: no status effects
A: distributed training, fangs 1, strong nose
a: no special abilities


You were on level 3 of the Dungeon.
You were not hungry.

You visited 1 branch of the dungeon, and saw 3 of its levels.

You collected 8 gold pieces.

Inventory:

Hand Weapons
 e - a +0 club
 f - a +0 dagger
Armour
 d - a +0 robe (worn)
 m - a +0 scale mail
Jewellery
 h - an amulet of the gourmand (around neck)
   (You found it on level 2 of the Dungeon)
Wands
 a - a wand of confusion (15/48)
Scrolls
 c - 2 scrolls of teleportation
 i - a scroll of blinking {unknown}
 j - a scroll of amnesia {unknown}
 l - a scroll of remove curse {unknown}
Potions
 b - a potion of lignification
 n - a potion of curing {unknown}
Comestibles
 g - a bread ration
 k - 2 meat rations


   Skills:
 + Level 6.4 Fighting
 + Level 0.3 Short Blades
 + Level 4.4 Long Blades
 + Level 0.3 Axes
 + Level 0.3 Maces & Flails
 + Level 0.3 Polearms
 + Level 0.3 Staves
 + Level 0.3 Slings
 + Level 0.3 Bows
 + Level 0.3 Crossbows
 + Level 0.3 Throwing
 + Level 0.3 Armour
 + Level 0.3 Dodging
 + Level 4.0 Stealth
 + Level 0.3 Shields
 + Level 4.4 Unarmed Combat
 + Level 0.3 Spellcasting
 + Level 0.3 Conjurations
 + Level 0.3 Hexes
 + Level 0.3 Charms
 + Level 0.3 Summonings
 + Level 0.3 Necromancy
 + Level 0.3 Translocations
 + Level 0.3 Transmutations
 + Level 0.3 Fire Magic
 + Level 0.3 Ice Magic
 + Level 0.3 Air Magic
 + Level 0.3 Earth Magic
 + Level 0.3 Poison Magic
 + Level 0.3 Invocations
 + Level 2.4 Evocations


You had one spell level left.
You didn't know any spells.

Dungeon Overview and Level Annotations

Branches:
Dungeon (3/15)

Altars:


Innate Abilities, Weirdness & Mutations

Your experience applies equally to all skills.
You have very sharp teeth.
Your uncanny sense of smell can sniff out nearby items.


Message History

You barely miss the leopard gecko. The leopard gecko bites you.
The leopard gecko misses you.
You barely miss the leopard gecko.
You bite the leopard gecko, but do no damage.
The leopard gecko hisses menacingly.
The leopard gecko barely misses you.
You punch the leopard gecko!
You kill the leopard gecko!
There is a stone staircase leading down here.
You climb downwards.
A kobold comes into view. It is wielding a dagger.
Found a thick garnet amulet and a scroll labeled LUAMIG EZXI.
There is a stone staircase leading up here.
Found a stone staircase leading down.
The helpless kobold fails to defend itself.
You punch the kobold!
You kill the kobold!
Things that are here:
a dagger; a stone
h - a thick garnet amulet Put on which piece of jewellery? (? for menu, Esc to quit)
You feel a craving for the dungeon's cuisine.
h - an amulet of the gourmand (around neck)
Found a scroll labeled SADIWK HI YWA.
Found 32 stones.
i - a scroll labeled LUAMIG EZXI
Found a meat ration.
Found 8 gold pieces.
A goblin comes into view. It is wielding a dagger.
You see here a scroll labeled SADIWK HI YWA.
j - a scroll labeled SADIWK HI YWA You barely miss the goblin.
The goblin hits you with a dagger.
You closely miss the goblin. You bite the goblin, but do no damage.
The goblin completely misses you.
You punch the goblin!
You kill the goblin!
Found a scroll labeled JESIEFIYLYEC.
Things that are here:
a dagger; a goblin corpse
k - a meat ration You now have 8 gold pieces.
Found a scale mail.
l - a scroll labeled JESIEFIYLYEC A ball python comes into view.
A bat and a hobgoblin come into view.
Found a meat ration.
You barely miss the ball python. You bite the ball python.
The ball python is heavily wounded.
The ball python closely misses you. The ball python barely misses you.
You hit the ball python.
You kill the ball python!
You see here a meat ration.
The helpless bat fails to defend itself.
You punch the bat!
You kill the bat!
You have reached level 2!
k - 2 meat rations (gained 1)
You aren't carrying or standing over any spellbooks.
Unknown command.
Found a sedimented orange potion.
You see here a scale mail.
m - a scale mail The hobgoblin shouts!
A rat comes into view.
Found a stone staircase leading down.
The hobgoblin hits you with a club.
You hit the hobgoblin.
The hobgoblin is moderately wounded.
The hobgoblin misses you.
You hit the hobgoblin.
The hobgoblin is severely wounded.
The hobgoblin closely misses you.
You barely miss the hobgoblin. You punch the hobgoblin.
The hobgoblin is almost dead.
The rat bites you. The hobgoblin hits you with a club.
* * * LOW HITPOINT WARNING * * *
You punch the hobgoblin!
You kill the hobgoblin!
The rat bites you but does no damage.
You hit the rat. You punch the rat.
You kill the rat!
No target in view!
No target in view!
No target in view!
No target in view!
No target in view!
Things that are here:
a club; a hobgoblin corpse
n - a sedimented orange potion
There is a stone staircase leading down here.
You climb downwards.
A bat comes into view.
There is a stone staircase leading up here.
The helpless bat fails to defend itself.
You hit the bat.
The bat is moderately wounded.
The bat hits you.
* * * LOW HITPOINT WARNING * * *
The bat closely misses you.
Are you sure you want to abandon this character and quit the game? (Confirm with "yes".)

∆ ### #b.
∆ #.# #
#.# ##...
#@#......
#<.......
#########


You could see a bat.

Vanquished Creatures
  A leopard gecko (D:1)
  A ball python (D:2)
  A bat (D:2)
  A goblin (D:2)
  A hobgoblin (D:2)
  A kobold (D:2)
  A rat (D:2)
7 creatures vanquished.

Notes
Turn   | Place    | Note
-------+----------+-------------------------------------------
     0 | D:1      | tidbits the Gnoll Wanderer began the quest for the Orb.
     0 | D:1      | tidbits set off with: a wand of confusion (15/48), a potion of lignification, a scroll of teleportation, a +0 robe, a +0 club, a +0 dagger, a bread ration
     0 | D:1      | Reached XP level 1. HP: 23/23 MP: 2/2
    78 | D:2      | Reached XP level 2. HP: 25/29 MP: 3/3
   115 | D:3      | Quit the game

Vault maps used:
D:1:      saegor_arrival_simple_d, nemelex_xobeh_ov_fountains_minmay
D:2:      nicolae_overflow_crystal_walls
D:3:      overflow_temple_1_default, lemuel_doored_altar, cheibriados_altar_1,
          first_bread

Action                   || total
-------------------------++-------
Melee: Unarmed           ||    16
       Bite              ||     3
       Punch             ||     2
 Stab: Sleeping          ||     3
Armor: Robe              ||     1
Dodge: Dodged            ||     8

Table legend:
 A = Spawn XP
 B = Non-spawn XP
 C = Spawn XP percentage of total XP
 D = Spawn monster count
 E = Non-spawn monster count
 F = Spawn count percentage of total count
 G = Total turns spent on level
                    A         B        C        D         E        F      G
               +---------+---------+-------+---------+---------+-------+---------
         Total |       0 |      14 |   0.0 |       0 |       7 |   0.0 |   115
               +---------+---------+-------+---------+---------+-------+---------
           D:1 |       0 |       3 |   0.0 |       0 |       1 |   0.0 |    27
           D:2 |       0 |      11 |   0.0 |       0 |       6 |   0.0 |    85
               +---------+---------+-------+---------+---------+-------+---------

Table legend:
 A = Turns spent in this place as a percentage of turns spent in the entire game.
 B = Non-inter-level travel turns spent in this place as a percentage of non-inter-level travel turns spent in the entire game.
 C = Inter-level travel turns spent in this place as a percentage of turns spent in this place.
 D = Turns resting spent in this place as a percentage of non-inter-level travel turns spent in this place.
 E = Turns spent auto-exploring this place as a percentage of non-inter-level travel turns spent in this place.
 F = Non-inter-level travel turns spent in this place divided by the number of levels of this place that you've seen.
                   A       B       C       D       E      F
               +-------+-------+-------+-------+-------+----------------------
         Total | 100.0 | 100.0 |   0.0 |   0.0 |   0.0 |  38.3
       Dungeon | 100.0 | 100.0 |   0.0 |   0.0 |   0.0 |  38.3
               +-------+-------+-------+-------+-------+----------------------

Table legend:
 A = Kills in this place as a percentage of kills in entire the game.
 B = Kills by you in this place as a percentage of kills by you in the entire game.
 C = Kills by friends in this place as a percentage of kills by friends in the entire game.
 D = Other kills in this place as a percentage of other kills in the entire game.
 E = Experience gained in this place as a percentage of experience gained in the entire game.
 F = Experience gained in this place divided by the number of levels of this place that you have seen.
                   A       B       C       D       E      F
               +-------+-------+-------+-------+-------+----------------------
         Total | 100.0 | 100.0 |   N/A |   N/A | 100.0 |   4.7
       Dungeon | 100.0 | 100.0 |   N/A |   N/A | 100.0 |   4.7
               +-------+-------+-------+-------+-------+----------------------

Vault maps used:
D:1:      saegor_arrival_simple_d, nemelex_xobeh_ov_fountains_minmay
D:2:      nicolae_overflow_crystal_walls
D:3:      overflow_temple_1_default, lemuel_doored_altar, cheibriados_altar_1,
          first_bread
